Map: Acid Plant LE

Players

ILIEKEGGPIE - Winner!

  • Race: Terran Terran
  • League: Platinum
  • Spawn Location: 11:00

Olexiy

  • Race: Protoss Protoss
  • League: Diamond
  • Spawn Location: 5:00

VOD

Have the link to the VOD?

Description

Time

  • Played on: June 7, 2018, 11:45 a.m.
  • Length: 10:46
Show
View Real Time Build Order
Export as new Build Order

ILIEKEGGPIE Terran - Winner!

Build Orders: MMM Bio 

Get SALT Encoding   

  12  0:01  SCV  
  13  0:13  SCV  
  14  0:17  Supply Depot  
  14  0:26  SCV  
  15  0:38  SCV  
  15  0:40  Barracks  
  16  0:47  Refinery  
  16  0:51  SCV  
  17  1:03  SCV  
  18  1:08  Barracks  
  18  1:15  SCV  
  19  1:27  Orbital Command  
  19  1:29  Supply Depot  
  19  1:31  Marine  
  20  1:48  Barracks  
  20  1:49  Marine  
  21  1:57  Refinery, SCV  
  22  2:06  Barracks Tech Lab  
  22  2:14  Barracks Reactor, SCV  
  23  2:18  Supply Depot  
  23  2:26  SCV  
  23  2:28  Marauder  
  26  2:36  Barracks Tech Lab  
  26  2:38  SCV  
  27  2:44  Engineering Bay  
  27  2:48  Stimpack  
  27  2:51  Marauder, Marine  
  30  2:52  Marine  
  30  2:56  SCV  
  34  3:06  Marauder  
  34  3:13  Missile Turret  
  34  3:15  Marine  
  35  3:28  Marauder, Marine x2  
  35  3:29  Supply Depot  
  35  3:30  Combat Shields  
  39  3:50  Marine  
  39  3:51  Supply Depot  
  39  3:53  Marauder, Marine x2  
  44  4:01  Supply Depot  
  44  4:09  Marine  
  45  4:21  Marine  
  45  4:22  Marauder, Marine  
  45  4:23  SCV  
  50  4:39  Bunker  
  50  4:44  Command Center  
  50  4:49  Concussive Shells  
  47  5:14  Marauder, Marine x3  
  46  5:32  Marauder, Marine x2, Factory  
  46  5:35  Marine  
  51  5:49  Marine, SCV  
  52  5:50  Marine  
  52  5:53  Marauder  
  52  5:54  Marauder  
  58  6:01  SCV  
  60  6:05  Orbital Command  
  60  6:07  Marine x2  
  61  6:14  SCV  
  61  6:18  Starport  
  62  6:22  Factory Reactor  
  62  6:26  SCV  
  62  6:29  Marine  
  62  6:30  Marauder  
  66  6:38  SCV  
  67  6:49  Barracks  
  67  6:50  SCV  
  67  6:53  Barracks, SCV  
  69  6:57  Refinery  
  69  7:02  SCV  
  69  7:05  SCV  
  69  7:06  Starport  
  71  7:11  Terran Infantry Weapons Level 1  
  71  7:15  Armory  
  71  7:17  Engineering Bay  
  71  7:18  Medivac  
  73  7:27  Marauder, Marine x3  
  78  7:40  Supply Depot, SCV x2  
  80  7:44  Terran Infantry Armor Level 1  
  73  7:59  Medivac  
  73  8:00  Medivac x2  
  73  8:04  Supply Depot  
  68  8:21  Bunker  
  68  8:23  Bunker  
  68  8:28  Marine x4  
  68  8:29  Marauder, Medivac x2  
  70  8:49  Marine  
  70  8:50  Marauder x2, Marine x3  
  69  9:07  Marine  
  69  9:08  Marine x2  
  72  9:12  Marauder  
  72  9:15  Marauder, Marine  
  59  9:31  Marine  
  59  9:32  Marine x3  
  57  9:47  Marine x2  
  57  9:49  Marine x2  
  61  10:01  SCV  
  61  10:02  SCV  
  61  10:05  Marauder  
  65  10:16  Bunker  
Show
View Real Time Build Order
Export as new Build Order

Olexiy Protoss 

Build Orders: 1 Gate Expand, Nexus First 

Get SALT Encoding   

  12  0:03  Probe  
  13  0:15  Probe  
  14  0:22  Pylon  
  14  0:27  Probe  
  15  0:47  Gateway  
  15  1:05  Nexus  
  15  1:14  Probe  
  15  1:16  Assimilator  
  16  1:23  Pylon  
  16  1:26  Probe  
  17  1:36  Zealot  
  17  1:38  Probe  
  20  1:49  Cybernetics Core  
  20  1:56  Warp Gate  
  20  1:57  Gateway  
  20  2:04  Zealot  
  22  2:11  Probe  
  23  2:18  Assimilator  
  23  2:19  Probe  
  24  2:28  Probe  
  25  2:33  Probe  
  25  2:35  Stalker  
  28  2:48  Stalker  
  30  2:52  Probe  
  30  2:53  Probe  
  32  3:01  Pylon  
  32  3:05  Stalker  
  32  3:07  Probe  
  35  3:13  Probe  
  36  3:27  Robotics Facility, Probe  
  36  3:29  Probe  
  38  3:35  Probe  
  39  3:45  Probe  
  39  3:47  Shield Battery  
  41  3:48  Probe  
  41  3:58  Stargate  
  41  4:00  Probe x2  
  43  4:04  Zealot  
  43  4:05  Zealot  
  47  4:12  Probe  
  47  4:14  Probe  
  47  4:17  Observer  
  50  4:24  Stalker, Probe  
  50  4:27  Assimilator  
  53  4:31  Assimilator  
  53  4:36  Probe, Pylon  
  54  4:40  Pylon  
  54  4:43  Pylon  
  54  4:54  Probe x2  
  54  4:55  Pylon  
  58  5:06  Probe  
  53  5:07  Stalker x2  
  53  5:08  Immortal  
  45  5:26  Gateway  
  45  5:27  Gateway  
  45  5:31  Sentry  
  45  5:33  Stalker  
  49  5:39  Immortal  
  53  5:58  Stalker  
  55  6:06  Stalker  
  57  6:25  Pylon  
  57  6:27  Pylon  
  57  6:31  Pylon  
  57  6:44  Sentry  
  57  6:45  Stalker  
  57  6:46  Stalker  
  63  6:55  Stalker  
  65  7:08  Stalker  
  67  7:12  Stalker  
  69  7:19  Zealot  
  71  7:26  Zealot  
  73  7:33  Zealot  
  75  7:50  Stalker  
  75  7:51  Stalker  
  75  8:09  Stalker  
  75  8:10  Stalker  
  79  8:41  Pylon  
  59  9:07  Stalker  
  59  9:08  Stalker, Zealot x2  
  55  9:31  Stalker  
  55  9:32  Stalker x2  
  55  9:33  Zealot  
  40  9:53  Stalker  
  40  9:55  Zealot  
  44  10:02  Stalker  
Tags
 
Composition
MMM Bio
Matchup
PvT
Replay Pack
Multi
Spawn Locations
Cross Positions
Add a new tag
Caveats
  • Supply blocks, unpowered buildings, or Contaminate may cause inaccurate times.
  • Supply counts are checked every 10 seconds.